 Dungeon Crawl Stone Soup version 0.26-a0-651-gb41185065b (webtiles) character file.

Game seed: 9511143655775733236

254 Azzok the Chopper (level 5, -9/42 HPs)
             Began as a Demonspawn Berserker on Oct 30, 2020.
             Was a Believer of Trog.
             Mangled by an orc wizard
             ... wielding a +0 dagger of electrocution
              (15 damage)
             ... on level 3 of the Dungeon.
             The game lasted 00:03:29 (3432 turns).

Azzok the Chopper (Demonspawn Berserker)            Turns: 3432, Time: 00:03:30

Health: -9/42      AC:  9    Str: 18    XL:     5   Next: 91%
Magic:  5/5        EV:  8    Int:  8    God:    Trog [**....]
Gold:   103        SH:  0    Dex: 13    Spells: 4/4 levels left

rFire    . . .     SeeInvis +   a - +0 hand axe
rCold    . . .     Faith    .   (no shield)
rNeg     . . .     Spirit   .   m - +0 chain mail
rPois    .         Reflect  .   (helmet restricted)
rElec    .         Harm     .   (no cloak)
rCorr    .         Rampage  .   (no gloves)
MR       .....                  (no boots)
Stlth    ..........             (no amulet)
HPRegen  0.14/turn              c - ring of see invisible
MPRegen  0.09/turn              h - ring of stealth

@: no status effects
A: antennae 1, powered by death 1
a: Berserk, Trog's Hand, Renounce Religion


You were on level 3 of the Dungeon.
You worshipped Trog.
Trog was pleased with you.
You visited 1 branch of the dungeon, and saw 3 of its levels.

You collected 103 gold pieces.

Inventory:

Hand Weapons
 a - a +0 hand axe (weapon)
Armour
 m - a +0 chain mail (worn)
Jewellery
 c - a ring of see invisible (left hand)
 h - a ring of stealth (right hand)
Scrolls
 b - 2 scrolls of identify {unknown}
 e - a scroll of remove curse {unknown}
Potions
 d - a potion of might {unknown}
 g - 2 potions of flight {unknown}
 i - a potion of berserk rage {unknown}
 j - a potion of mutation {unknown}
 k - a potion of curing {unknown}
 l - a potion of resistance {unknown}


   Skills:
 + Level 4.0 Fighting
 * Level 4.9 Axes
 + Level 2.9 Armour
 - Level 1.8 Dodging


You had 4 spell levels left.
You didn't know any spells.
Your spell library was empty.

Dungeon Overview and Level Annotations

Branches:
Dungeon (3/15)

Altars:
Makhleb
Wu Jian


Innate Abilities, Weirdness & Mutations

You have a pair of small antennae on your head.
You regenerate a little health from kills.


Message History

The orc wizard is lightly wounded.
The orc wizard gestures at you while chanting.
The magic dart hits you.
The orc wizard hits you but does no damage.
You hit the orc wizard.
The orc wizard is lightly wounded.
The orc wizard hits you but does no damage.
You are electrocuted!
You closely miss the orc wizard.
The orc wizard is lightly wounded.
The orc wizard hits you but does no damage.
The orc wizard hits you with a +0 dagger of electrocution.
You are electrocuted!
* * * LOW HITPOINT WARNING * * *
You closely miss the orc wizard.
The orc wizard is lightly wounded.
The orc wizard hits you with a +0 dagger of electrocution.
* * * LOW HITPOINT WARNING * * *
You are electrocuted!
You die...

▒▒·▒···▒▒·▒·▒▒·▒
▒▒··)········▒·▒
▒▒▒▒▒···)[···(·····▒
·······)((·(·▒···▒▒▒
▒▒▒·▒(·[<)·>·▒▒·▒▒
▒·▒▒(··[··▒▒▒·▒
▒·············▒
▒··▒·▒········▒▒▒▒▒▒▒▒
·····▒·▒·▒▒▒▒▒▒·@oo·····
▒▒▒· ▒·▒·▒ ▒▒▒▒▒····· ▒·
▒···· ▒▒▒ ▒▒··· ▒▒·▒▒


You could see 2 orc wizards.

Vanquished Creatures
  An orc priest (D:2)
  2 orc wizards (D:3)
  Jessica (D:2)
  5 adders
  3 worms (D:2)
  3 dart slugs
  16 orcs
  A ball python (D:1)
  7 bats
  A giant cockroach (D:1)
  4 goblins
  6 hobgoblins
  9 jackals
  3 kobolds
  A quokka (D:2)
  2 frilled lizards (D:1)
  5 rats
70 creatures vanquished.

Notes
Turn   | Place    | Note
-------+----------+-------------------------------------------
     0 | D:1      | Azzok the Demonspawn Berserker began the quest for the Orb.
     0 | D:1      | Reached XP level 1. HP: 18/18 MP: 1/1
   280 | D:1      | Gained mutation: You regenerate a little health from kills.
                  | [demonic ancestry]
   280 | D:1      | Reached XP level 2. HP: 24/24 MP: 2/2
  1045 | D:2      | Reached XP level 3. HP: 26/29 MP: 3/3
  1336 | D:2      | Found an ornate altar of the Wu Jian Council.
  1379 | D:2      | Reached ** piety under Trog
  1474 | D:2      | Reached XP level 4. HP: 27/35 MP: 4/4
  1677 | D:2      | Noticed Jessica
  1685 | D:2      | Killed Jessica
  2317 | D:2      | Found a burning altar of Makhleb.
  2319 | D:2      | Noticed a cacodemon
  2323 | D:2      | Noticed an orange demon
  2323 | D:2      | Noticed an orange demon
  2354 | D:2      | Gained mutation: You have a pair of small antennae on your
                  | head. [demonic ancestry]
  2354 | D:2      | Reached XP level 5. HP: 34/41 MP: 5/5
  2815 | D:3      | HP: 2/42 [orc wizard/magic dart (7)]
  3432 | D:3      | Mangled by an orc wizard

Illustrated notes

Levels and vault maps discovered:
D:1:      sevenhm_arrival_forest_fort_small_3, layout_loops_ring
D:2:      layout_rooms, makhleb_altar_promises_db, lemuel_round_altar,
          uniq_jessica
D:3:      layout_loops_ring, uniq_grinder, uniq_robin

Skill      XL: |  1  2  3  4  5 |
---------------+----------------+-----
Axes           | 3 4 |  4.9
Armour         | 2 |  2.9
Fighting       | 4 |  4.0
Dodging        | |  1.8

Action                   |  1- 3 |  4- 6 || total
-------------------------+-------+-------++-------
Melee: Hand axe          |   125 |   192 ||   317
Invok: Berserk           |       |     1 ||     1
 Stab: Sleeping          |     1 |       ||     1
Armor: Animal skin       |     8 |       ||     8
       Leather armour    |     9 |       ||     9
       Scale mail        |    49 |    61 ||   110
       Chain mail        |       |     7 ||     7
Dodge: Dodged            |    89 |   109 ||   198

Table legend: (Time is in decaauts)
 A = Elapsed time spent in this place.
 B = Non-inter-level travel time spent in this place.
 C = Inter-level travel time spent in this place.
 D = Time resting spent in this place.
 E = Time spent auto-exploring this place.
 F = Levels seen in this place.
 G = Mean time per level.
                   A        B        C        D        E       F      G
               +--------+--------+--------+--------+--------+-----+--------+
         Total |   3477 |   3373 |    104 |    973 |   1760 |   3 | 1159.0 |
       Dungeon |   3477 |   3373 |    104 |    973 |   1760 |   3 | 1159.0 |
               +--------+--------+--------+--------+--------+-----+--------+

Top non-repeatable levels by time:
     D:2: 1846 daAuts
     D:1: 1321 daAuts
     D:3: 310 daAuts
